Map: Chantier naval orbital

Players

Worming

  • Race: Zerg Zerg
  • League: Diamond

sakarA - Winner!

  • Race: Protoss Protoss
  • League: Diamond

VOD

Have the link to the VOD?

Description

Time

  • Played on: Nov. 23, 2015, 11:55 a.m.
  • Length: 15:46
Show
View Real Time Build Order
Export as new Build Order

Worming Zerg 

Build Orders: Hatch First 

Get SALT Encoding   

  12  0:02  Drone  
  13  0:10  Drone  
  14  0:23  Extractor  
  14  0:24  Drone  
  14  0:25  Drone, Extractor  
  16  0:32  Overlord  
  16  0:49  Hatchery  
  15  0:54  Drone  
  15  0:55  Drone  
  17  1:09  Spawning Pool  
  16  1:13  Drone  
  16  1:15  Drone  
  18  1:27  Drone  
  19  1:38  Drone  
  20  1:41  Extractor  
  19  1:48  Hatchery  
  19  1:53  Drone x2  
  20  2:02  Queen  
  22  2:10  Queen  
  24  2:15  Overlord  
  24  2:19  Zergling x2  
  25  2:23  Drone  
  25  2:25  Drone  
  27  2:30  Drone  
  27  2:36  Drone x3  
  31  2:46  Metabolic Boost  
  31  2:54  Queen  
  33  3:02  Drone x4  
  37  3:19  Drone x5  
  42  3:22  Extractor  
  41  3:48  Drone  
  42  3:49  Overlord  
  42  3:50  Overlord  
  42  3:53  Lair  
  42  3:57  Roach Warren  
  41  4:03  Evolution Chamber  
  40  4:10  Drone x2  
  40  4:11  Drone  
  40  4:12  Drone x5  
  40  4:13  Drone x6  
  40  4:15  Overlord  
  54  4:22  Overlord  
  54  4:28  Zerg Missile Weapons Level 1  
  54  4:31  Drone x3  
  57  4:35  Drone  
  57  4:36  Drone  
  57  4:37  Drone x2  
  61  4:39  Overlord  
  61  4:44  Roach x4  
  68  4:48  Extractor  
  68  4:52  Drone x2  
  69  4:53  Glial Reconstitution  
  69  4:55  Drone  
  70  5:02  Spine Crawler  
  69  5:10  Queen x2  
  69  5:11  Queen  
  69  5:12  Spore Crawler  
  74  5:14  Spore Crawler  
  74  5:16  Spore Crawler  
  72  5:23  Spore Crawler  
  72  5:24  Drone x3  
  74  5:29  Overlord x3  
  74  5:45  Overlord x2  
  74  5:46  Queen, Overlord x2  
  76  5:50  Extractor x2  
  70  6:11  Overlord x3  
  70  6:13  Queen x2  
  74  6:20  Drone x3  
  74  6:21  Drone  
  74  6:22  Drone x2, Pneumatized Carapace  
  74  6:23  Drone x3  
  74  6:24  Drone  
  84  6:26  Zerg Missile Weapons Level 2  
  84  6:28  Drone  
  84  6:29  Drone x2, Extractor  
  84  6:30  Drone x2  
  84  6:31  Drone x2  
  90  6:37  Zergling x2, Hydralisk Den  
  90  6:39  Roach  
  92  6:48  Queen  
  92  6:49  Queen  
  94  7:05  Queen  
  95  7:20  Overlord  
  95  7:21  Overlord x2  
  95  7:28  Spore Crawler  
  95  7:29  Spore Crawler  
  93  7:31  Spore Crawler, Overlord x4  
  93  7:34  Overlord x2  
  92  7:43  Overlord x4  
  92  7:44  Overlord  
  92  7:46  Muscular Augments  
  92  7:49  Queen x3  
  98  7:54  Roach x3  
  98  7:55  Roach x2  
  106  8:09  Roach x6  
  118  8:21  Roach  
  118  8:22  Roach x7  
  118  8:24  Queen  
  136  8:28  Infestation Pit, Spire  
  134  8:44  Zerg Ground Armor Level 1  
  134  8:45  Hatchery  
  134  8:48  Overlord x4  
  129  9:06  Ravager x4  
  129  9:07  Ravager x3  
  129  9:09  Hatchery  
  135  9:37  Overlord x3  
  135  9:39  Corruptor x11  
  135  9:40  Corruptor x2  
  135  9:42  Spore Crawler x2  
  159  9:49  Zergling x2, Extractor  
  159  9:50  Zergling x2  
  159  9:52  Extractor, Hydralisk  
  160  9:53  Hydralisk x2  
  140  10:16  Hydralisk  
  140  10:17  Hydralisk x7  
  153  10:33  Roach x5  
  153  10:34  Roach x3  
  139  11:01  Roach x4  
  139  11:02  Roach x9  
  159  11:08  Drone x3  
  159  11:09  Drone x3  
  149  12:02  Spore Crawler x2  
  149  12:08  Roach x2, Hydralisk x5  
  148  12:09  Roach x4, Hydralisk x4  
  148  12:10  Roach x3  
  148  12:14  Hive  
  180  12:15  Pathogen Glands  
  146  12:23  Roach x4  
  154  12:33  Roach x2  
  154  12:34  Roach x2  
  162  12:43  Spine Crawler  
  163  12:44  Roach, Spine Crawler  
  162  13:03  Roach x7  
  150  13:19  Roach  
  142  13:20  Roach x6  
  144  13:29  Ravager x7  
  144  13:30  Ravager x3  
  140  13:58  Roach x9  
  158  14:05  Lurker Den  
  158  14:07  Drone x2  
  130  14:36  Hydralisk  
  130  14:37  Hydralisk x6  
  140  14:56  Drone x7  
  147  15:22  Hydralisk x2  
  147  15:23  Hatchery  
  146  15:32  Lurker x4  
  146  15:33  Lurker x5  
Show
View Real Time Build Order
Export as new Build Order

sakarA Protoss - Winner!

Build Orders: 1 Gate Expand, Phoenix Opening 

Get SALT Encoding   

  12  0:02  Probe (Chrono Boost)  
  13  0:12  Probe (Chrono Boost)  
  14  0:22  Pylon  
  14  0:23  Probe (Chrono Boost)  
  15  0:40  Probe (Chrono Boost)  
  16  0:46  Gateway  
  16  0:51  Probe (Chrono Boost)  
  17  1:01  Probe (Chrono Boost)  
  18  1:15  Nexus  
  18  1:23  Assimilator  
  18  1:35  Cybernetics Core, Probe (Chrono Boost)  
  19  1:43  Assimilator  
  19  1:48  Zealot (Chrono Boost)  
  19  1:50  Probe  
  22  2:02  Probe (Chrono Boost)  
  23  2:24  Pylon  
  23  2:25  Warp Gate  
  23  2:27  Probe (Chrono Boost)  
  23  2:28  Probe (Chrono Boost)  
  25  2:34  Forge  
  25  2:37  Probe (Chrono Boost)  
  25  2:38  Probe (Chrono Boost)  
  25  2:43  Assimilator  
  27  2:48  Probe (Chrono Boost)  
  27  2:50  Stargate  
  28  2:57  Probe (Chrono Boost)  
  29  2:58  Probe (Chrono Boost)  
  30  3:07  Probe (Chrono Boost)  
  30  3:09  Probe (Chrono Boost)  
  32  3:14  Stalker (Chrono Boost)  
  33  3:25  Probe  
  33  3:26  Probe  
  35  3:34  Stargate, Phoenix (Chrono Boost)  
  35  3:35  Probe  
  38  3:43  Probe  
  38  3:46  Probe  
  40  3:55  Probe  
  41  3:56  Phoenix (Chrono Boost)  
  41  3:59  Pylon  
  43  4:04  Probe  
  44  4:16  Phoenix (Chrono Boost)  
  44  4:17  Phoenix (Chrono Boost)  
  48  4:26  Mothership Core (Chrono Boost)  
  50  4:43  Phoenix  
  50  4:50  Nexus, Phoenix  
  50  4:51  Pylon  
  54  5:06  Phoenix  
  54  5:12  Pylon  
  56  5:17  Pylon  
  56  5:20  Photon Cannon  
  56  5:23  Photon Cannon  
  56  5:24  Pylon  
  56  5:26  Phoenix  
  58  5:29  Probe (Chrono Boost)  
  58  5:32  Probe (Chrono Boost)  
  58  5:35  Phoenix  
  62  5:51  Phoenix  
  64  6:02  Phoenix  
  66  6:13  Probe x2 (Chrono Boost)  
  66  6:16  Probe (Chrono Boost), Robotics Facility  
  69  6:23  Protoss Ground Weapons Level 1, Probe (Chrono Boost)  
  69  6:24  Probe (Chrono Boost)  
  71  6:26  Probe (Chrono Boost)  
  71  6:31  Photon Cannon  
  72  6:34  Probe x2 (Chrono Boost)  
  72  6:37  Probe (Chrono Boost)  
  72  6:39  Assimilator  
  75  6:44  Probe (Chrono Boost)  
  75  6:45  Probe (Chrono Boost)  
  75  6:46  Twilight Council  
  77  6:47  Probe (Chrono Boost)  
  78  6:55  Probe x2 (Chrono Boost)  
  78  6:58  Probe (Chrono Boost)  
  77  7:24  Charge  
  77  7:26  Probe (Chrono Boost)  
  77  7:27  Probe x2 (Chrono Boost)  
  77  7:28  Robotics Bay  
  80  7:31  Assimilator  
  80  7:33  Assimilator  
  81  7:37  Probe x3 (Chrono Boost)  
  81  7:42  Gateway  
  81  7:43  Gateway  
  83  7:45  Gateway  
  83  7:47  Probe (Chrono Boost)  
  83  7:48  Gateway, Probe x2 (Chrono Boost)  
  83  7:51  Gateway  
  86  7:58  Gateway, Probe x3 (Chrono Boost)  
  89  8:01  Robotics Facility  
  87  8:08  Probe (Chrono Boost)  
  87  8:09  Probe x2 (Chrono Boost)  
  90  8:17  Disruptor (Chrono Boost)  
  90  8:19  Probe x3 (Chrono Boost)  
  96  8:20  Observer Gravitic Boosters  
  96  8:27  Pylon  
  96  8:28  Gateway  
  96  8:29  Gateway  
  96  8:30  Probe x2 (Chrono Boost), Pylon  
  96  8:31  Probe (Chrono Boost)  
  96  8:32  Pylon  
  99  8:35  Pylon  
  99  8:36  Pylon  
  99  8:39  Probe (Chrono Boost)  
  99  8:40  Probe (Chrono Boost)  
  101  8:43  Probe  
  102  8:49  Probe  
  102  8:51  Pylon  
  102  8:52  Probe  
  102  8:54  Probe  
  104  9:01  Sentry, Pylon  
  104  9:02  Sentry x2  
  109  9:03  Pylon  
  107  9:26  Disruptor (Chrono Boost)  
  107  9:27  Stalker x3  
  107  9:28  Stalker x3  
  107  9:31  Disruptor (Chrono Boost)  
  125  9:50  Zealot x5  
  125  9:52  Zealot x3  
  141  10:00  Nexus  
  141  10:03  Pylon  
  141  10:04  Pylon  
  141  10:06  Pylon  
  140  10:30  Stalker x4  
  140  10:31  Stalker x5  
  140  10:34  Photon Cannon  
  158  10:36  Photon Cannon  
  157  11:07  Pylon  
  157  11:09  Pylon  
  157  11:10  Probe  
  157  11:11  Probe  
  157  11:12  Pylon  
  157  11:15  Protoss Ground Weapons Level 2 (Chrono Boost)  
  157  11:17  Disruptor (Chrono Boost)  
  165  11:20  Probe  
  165  11:22  Disruptor (Chrono Boost)  
  165  11:24  Probe  
  167  11:33  Stalker x2  
  167  11:34  Stalker x7  
  173  11:57  Nexus  
  173  11:59  Stalker x3  
  173  12:00  Stalker  
  181  12:14  Photon Cannon  
  181  12:15  Photon Cannon  
  181  12:17  Photon Cannon  
  181  12:19  Photon Cannon  
  181  12:22  Photon Cannon  
  178  12:26  Stalker  
  178  12:28  Probe  
  181  12:30  Pylon  
  181  12:32  Assimilator  
  181  12:33  Pylon  
  181  12:34  Assimilator  
  181  12:35  Pylon  
  181  12:40  Forge  
  181  12:41  Forge  
  181  12:47  Probe  
  181  12:48  Disruptor x2  
  158  13:24  Disruptor x2  
  164  13:34  Mothership Core  
  164  13:39  Stalker  
  164  13:40  Stalker x4  
  164  13:41  Stalker  
  173  13:42  Stalker x3  
  179  13:50  Dark Shrine  
  179  13:59  Probe  
  179  14:00  Disruptor (Chrono Boost)  
  180  14:08  Disruptor (Chrono Boost)  
  180  14:09  Probe  
  181  14:12  Zealot x2  
  181  14:13  Zealot x6  
  181  14:14  Zealot  
  200  14:20  Probe  
  199  14:39  Observer (Chrono Boost)  
  198  15:02  Gateway  
  198  15:05  Gateway  
  198  15:08  Gateway  
  198  15:13  Gateway x2  
  198  15:15  Gateway  
  200  15:21  Observer x2 (Chrono Boost)  
  200  15:24  Pylon  
Tags
 
Add a new tag
Caveats
  • Supply blocks, unpowered buildings, or Contaminate may cause inaccurate times.
  • Supply counts are checked every 10 seconds.